AoeStats
← ErickthrsherSK8

Arabia

509728583Analyzed
2v2 RM · 4d ago on Sep 27, 2026· 43m 21s· 4 players
Game mode
Random Map
Map size
Medium (4 player)
Population
200
Speed
Normal
Resources
Standard
Victory
Conquest
Starting age
Dark Age
Ending age
Imperial Age
RankedLock teamsTeams togetherTeam positionsShared explorationLock speedFull tech treeHidden civsTurbo modeCheats
Victory
Defeat
🇧🇷 Slavs · Brazil
671
+14
🇧🇷 Khmer · Brazil
601
+17
🇨🇱 Georgians · Chile
650
-17
🇨🇱 Spanish · Chile
600
-14
ErickthrsherSK8
4:14 Loom
10:02 Feudal Age
11:40 Double-Bit Axe
17:07 Bloodlines
22:08 Castle Age
23:01 Gold Mining
23:03 Town Watch
23:18 Pikeman
23:59 Squires
28:06 Stone Mining
28:57 Crossbowman
33:07 Wheelbarrow
34:30 Fortified Wall
35:14 Husbandry
diego.garatec
14:09 Feudal Age
15:49 Double-Bit Axe
24:57 Castle Age
28:57 Scale Barding Armor
29:06 Forging
29:23 Husbandry
Argo
3:25 Loom
9:33 Feudal Age
9:59 Double-Bit Axe
9:56 Horse Collar
11:27 Horse Collar
14:52 Man-at-Arms
20:34 Castle Age
20:14 Forging
21:33 Pikeman
22:47 Bow Saw
22:51 Gold Mining
25:04 Stone Mining
25:48 Squires
26:28 Scale Mail Armor
27:40 Wheelbarrow
39:58 Hand Cart
42:23 Imperial Age
40:14 Hand Cart
42:56 Capped Ram
GBA
3:19 Loom
10:35 Feudal Age
15:01 Gold Mining
16:07 Wheelbarrow
21:22 Castle Age
21:43 Pikeman
22:37 Forging
23:28 Horse Collar
27:03 Scale Mail Armor
28:27 Double-Bit Axe
30:03 Bloodlines
32:28 Fervor
32:40 Hand Cart
40:38 Husbandry
41:56 Heavy Plow
Connection lost

Rejoining the realm…

Still unreachable

The connection could not be restored.

Session expired

The server has moved on; the page needs a fresh start.